 Dungeon Crawl Stone Soup version 0.30-a0-311-gf115ab0292 (webtiles) character file.

Game seed: 11536102012200658057

457 Sobieck the Magician (level 6, -7/44 HPs)
             Began as a Mummy Summoner on Oct 25, 2022.
             Killed by divine providence
             ... invoked by an orc priest
              (11 damage)
             ... on level 4 of the Dungeon.
             The game lasted 00:09:51 (3856 turns).

Sobieck the Magician (Mummy Summoner)               Turns: 3856, Time: 00:09:51

Health: -7/44      AC:  2    Str: 11    XL:     6   Next: 77%
Magic:  4/15       EV: 12    Int: 16    God:
Gold:   152        SH:  0    Dex: 13    Spells: 9/18 levels left

rFire   x . .      SeeInvis .    a - +1 dagger (elec) {short}
rCold   + . .      Faith    +    (no shield)
rNeg    + + +      Spirit   .    g - +0 robe
rPois   ∞          Reflect  .    (no helmet)
rElec   .          Harm     .    (no cloak)
rCorr   .          Rampage  .    (no gloves)
Will    .....                    (no boots)
Stlth   ++........               (no amulet)
HPRegen 0.27/turn                (no ring)
MPRegen 0.14/turn                (no ring)

@: no status effects
A: cold resistance 1, negative energy resistance 3, torment resistance 2, heat
vulnerability 1, in touch with death 1, no potions, faith
a: no special abilities


You were on level 4 of the Dungeon.
You visited 1 branch of the dungeon, and saw 4 of its levels.

You collected 152 gold pieces.


Innate Abilities, Weirdness & Mutations

You are immune to poison.
Your flesh is cold resistant. (rC+)
You are immune to negative energy. (rN+++)
You are immune to unholy pain and torment.
You are vulnerable to heat. (rF-)
You are in touch with the powers of death.
You do not drink.
You have a special connection with the divine. (Faith)


   Skills:
 - Level 2.0 Fighting
 - Level 1.5 Dodging
 - Level 1.5 Stealth
 + Level 6.5 Spellcasting
 + Level 5.0 Summonings


You had 9 spell levels left.
You knew the following spells:

 Your Spells              Type           Power      Damage    Failure   Level
a - Call Canine Familiar  Summ           21%        N/A       4%          3
b - Summon Guardian Gole  Hex/Summ       13%        N/A       14%         3
c - Call Imp              Summ           21%        N/A       2%          2
d - Summon Small Mammal   Summ           84%        N/A       1%          1

Your spell library contained the following spells:

 Spells                   Type           Power      Damage    Failure   Level
 Summon Lightning Spire   Summ/Air       13%        N/A       43%         4
 Summon Hydra             Summ           10%        N/A       100%        7
 Sublimation of Blood     Necr           Unusable   N/A       N/A         2
 Wereblood                Tmut           Unusable   N/A       N/A         2

Inventory:

Hand Weapons
 a - a +1 dagger of electrocution (weapon) {short}
   (You found it on level 1 of the Dungeon)
 i - a +0 dagger {short}
   (You took it off a goblin on level 1 of the Dungeon)
Missiles
 c - 34 stones {throwing}
 f - 2 atropa-tipped darts {throwing}
 v - 6 poisoned darts {throwing}
 w - 2 curare-tipped darts {=fthrowing}
Armour
 b - a +0 robe
   (You took it off Blork the orc on level 4 of the Dungeon)
 d - a +0 leather armour
   (You took it off an orc on level 4 of the Dungeon)
 e - a +0 scale mail
   (You took it off an orc on level 4 of the Dungeon)
 g - a +0 robe (worn)
 h - a +0 scale mail
   (You found it on level 1 of the Dungeon)
 j - a +0 robe
   (You took it off a goblin on level 4 of the Dungeon)
 m - a +0 chain mail
   (You found it on level 2 of the Dungeon)
 n - a +0 scale mail
   (You found it on level 2 of the Dungeon)
 o - a +0 scale mail
   (You took it off Terence on level 2 of the Dungeon)
 q - a +0 ring mail
   (You found it on level 2 of the Dungeon)
Magical Staves
 t - a staff of earth {!astaff}
   (You took it off a hobgoblin on level 3 of the Dungeon)
Scrolls
 k - 2 scrolls of magic mapping {!r}
 l - a scroll of enchant armour
 p - a scroll of fear {unknown}
 r - a scroll of brand weapon {unknown}
 s - a scroll of enchant weapon {unknown}
 u - a scroll of immolation {unknown}

Dungeon Overview and Level Annotations

Branches:
Dungeon (4/15) Zot: 20140
 Temple: D:4-7

Altars:
Trog
Uskayaw

Annotations:
D:3 3 runed translucent doors, Darkkill's ghost, amateur VSCj; benadryl's ghost, amateur TrAr

≈.~. .....#.. #.†≈≈......
.~.. .....#.. +...≈≈≈....
♣..~ .....#'####o....≈≈≈##
~~.#########
.........r.......#..
≈..........#
##.....b##+#####..
~..≈.......# #......# ..
...........# #......# +#
...........###+##......##
##'####.........@..........
..)...#..........######....
......#..........+ .....
......#..........# .....
#.<...#..........# ....
#######....####### #....#
#....# #....#


You could see an orc priest (ally target), a friendly quokka (summoned) and a
friendly bat (summoned).


Message History

Something hits you. The orc barely misses you.
The orc priest begins to cast a cantrip, but forgets the words!
Unknown command.
You miss something.
Your crimson imp blinks!
Something barely misses you. The orc misses you.
The orc priest looks satisfied for a moment.
Unknown command.
Unknown command.
You hit something. Lightning courses through something!
Reactivating autopickup.
You feel a bit more experienced. The orc closely misses you.
Your hound barely misses the orc.
The orc priest barely misses you.
Your Summonings skill increases to level 5!
Unknown command.
You hit the orc priest.
Your hound barely misses the orc.
The orc hits you with a +0 flail!
* * * LOW HITPOINT WARNING * * *
The orc priest closely misses you.
Unknown command.
Your hound seems less confused.
Your hound bites the orc.
The orc dies!
Your crimson imp misses the orc priest.
The orc priest calls down the wrath of Beogh upon you.
Beogh smites you!
* * * LOW HITPOINT WARNING * * *
Unknown command.
Your crimson imp hits the orc priest.
The orc priest hits your crimson imp with a +0 whip.
Unknown command.
Your hound closely misses the orc priest.
Your crimson imp closely misses the orc priest.
Your hound misses the orc priest.
The orc priest closely misses your crimson imp.
Unknown command.
Your hound barely misses the orc priest.
Your crimson imp hits the orc priest.
The orc priest hits your crimson imp with a +0 whip!
Unknown command.
Unknown command.
You can't drink.
Unknown command.
Your hound closely misses the orc priest.
Your crimson imp blinks!
Your hound closely misses the orc priest.
Unknown command.
Your hound bites the orc priest.
The orc priest misses your hound.
Things that are here:
a +0 club {mace}; a goblin skeleton
There is an open door here.
Your hound is smitten.
Unknown command.
Unknown command.
You start resting.
An orc priest is nearby!
Danger!
Unknown command.
Your guardian golem disappears in a puff of smoke!
Unknown command.
Unknown command.
What are your orders? t - Shout!
Orders for allies: a - Attack new target. r - Retreat! s - Stop attacking. g - Guard the area. f - Follow me.
Anything else - Cancel.
Gang up on whom?
Press: ? - help, Dir - move target, f - orc priest
Aim: an orc priest, wielding a +0 whip (blue smoke, almost dead, not watching you) Attack!
The orc priest invokes the aid of Beogh against your hound.
Your hound is smitten.
Your hound dies!
Your hound's corpse disappears in a puff of smoke!
Unknown command.
Unknown command.
Casting: Summon Guardian Golem (dangerous; 14% risk of failure)
Confirm with . or Enter, or press ? or * to list all spells.
A beastly little devil appears in a puff of flame.
The orc priest shouts!
Your crimson imp disappears in a puff of smoke!
Casting: Call Imp (safe; 2% risk of failure)
Confirm with . or Enter, or press ? or * to list all spells.
The orc priest calls down the wrath of Beogh upon you.
Beogh smites you!
* * * LOW HITPOINT WARNING * * *
Your crimson imp blinks!
Casting: Summon Small Mammal (safe; 1% risk of failure)
Confirm with . or Enter, or press ? or * to list all spells.
Your crimson imp blinks!
Unknown command.
Unknown command.
Danger!
Your quokka barely misses the orc priest.
Unknown command.
Unknown command.
Your bat hits the orc priest.
The orc priest mumbles some strange prayers to Beogh against you.
Beogh smites you!
You die...

Skill      XL: |  1  2  3  4  5  6 |
---------------+-------------------+-----
Spellcasting   | 3 4 5 6 |  6.5
Summonings     | 4 5 |  5.0
Fighting       | 2 |  2.0
Dodging        | |  1.5
Stealth        | |  1.5

Action                   |  1- 3 |  4- 6 || total
-------------------------+-------+-------++-------
Melee: Unarmed           |    64 |       ||    64
       Punch             |     2 |     1 ||     3
       Dagger            |    77 |    99 ||   176
 Cast: Summon Small Mamm |    46 |    27 ||    73
       Call Imp          |     3 |    20 ||    23
       Call Canine Famil |       |     7 ||     7
       Summon Guardian G |       |     4 ||     4
  Use: Scroll            |       |     5 ||     5
 Stab: Distracted        |     1 |       ||     1
       Sleeping          |       |     4 ||     4
Armor: Robe              |    41 |    10 ||    51
Dodge: Dodged            |   106 |    54 ||   160

Levels and vault maps discovered:
D:1:      ebering_hopf_link, layout_basic
D:2:      layout_loops_ring, uniq_terence
D:3:      minmay_evil_eye, layout_loops_ring, gammafunk_ghost_cemetery,
          feat_on_display
D:4:      layout_gridville, nicolae_overflow_hidden_temple,
          mainiacjoe_overflow_catwalk_spiral,
          nicolae_uskayaw_murder_on_the_dancefloor,
          minmay_temple_entry_statues_pillars, gammafunk_ghost_nasty_kobolds,
          serial_rivers, chequers_serial_rivers_large_b,
          chequers_serial_rivers_small_a, chequers_serial_rivers_marsh,
          chequers_serial_rivers_room_b, chequers_serial_rivers_small_b,
          chequers_serial_rivers_micro_d, grunt_decor_arrowhead,
          uniq_blork_the_orc

Notes
Turn   | Place    | Note
-------+----------+-------------------------------------------
     0 | D:1      | Sobieck the Mummy Summoner began the quest for the Orb.
     0 | D:1      | Reached XP level 1. HP: 13/13 MP: 4/4
   175 | D:1      | Reached skill level 3 in Spellcasting
   319 | D:1      | Reached XP level 2. HP: 7/19 MP: 3/6
  1124 | D:2      | You pick up a book of Blood and begin reading...
  1141 | D:2      | Gained mutation: You are in touch with the powers of death.
                  | [Mummy growth]
  1141 | D:2      | Reached XP level 3. HP: 24/24 MP: 6/8
  1281 | D:2      | Reached skill level 4 in Spellcasting
  1319 | D:2      | Learned a level 2 spell: Call Imp
  1423 | D:2      | Reached skill level 4 in Summonings
  1488 | D:2      | Noticed Terence
  1493 | D:2      | Killed Terence
  1494 | D:2      | Reached XP level 4. HP: 22/30 MP: 5/10
  1785 | D:2      | Reached skill level 5 in Spellcasting
  2261 | D:3      | You pick up a book of Callings and begin reading...
  2340 | D:3      | Found a runed translucent gate.
  2341 | D:3      | Found a runed translucent gate.
  2342 | D:3      | Found a runed translucent gate.
  2352 | D:3      | Noticed Darkkill's ghost (amateur VSCj)
  2353 | D:3      | Noticed benadryl's ghost (amateur TrAr)
  2769 | D:3      | Reached XP level 5. HP: 36/36 MP: 10/12
  2848 | D:3      | Reached skill level 1 in Fighting
  3157 | D:4      | Found a bloodstained altar of Trog.
  3182 | D:4      | Noticed Blork the orc
  3194 | D:4      | Killed Blork the orc
  3285 | D:4      | Learned a level 3 spell: Call Canine Familiar
  3298 | D:4      | Noticed a phantom
  3330 | D:4      | Killed a phantom
  3331 | D:4      | Reached skill level 2 in Fighting
  3331 | D:4      | Reached XP level 6. HP: 31/44 MP: 8/14
  3412 | D:4      | Reached skill level 6 in Spellcasting
  3609 | D:4      | Learned a level 3 spell: Summon Guardian Golem
  3809 | D:4      | Found a hide-covered altar of Uskayaw.
  3830 | D:4      | Reached skill level 5 in Summonings
  3831 | D:4      | HP: 7/44 [orc priest/divine providence (9)]
  3849 | D:4      | HP: 2/44 [orc priest/divine providence (10)]
  3856 | D:4      | Killed from afar by an orc priest

Vanquished Creatures
  A phantom (D:4)
  A bullfrog (D:4)
  A hound (D:4)
  Terence (D:2)
  An orc wizard (D:4)
  3 adders
  4 worms
  2 dart slugs
  An orc (D:3)
  4 ball pythons
  3 bats
  3 endoplasms
  8 giant cockroaches
  5 goblins
  5 hobgoblins
  4 quokkas
  3 frilled lizards
  A kobold (D:3)
  3 rats
54 creatures vanquished.

Vanquished Creatures (collateral kills)
  Blork the orc (D:4)
  3 adders
  A dart slug (D:4)
  8 orcs
  2 ball pythons (D:1)
  4 bats
  3 endoplasms
  A giant cockroach (D:2)
  4 goblins
  5 hobgoblins
  A kobold (D:2)
  A frilled lizard (D:2)
  A rat (D:3)
35 creatures vanquished.

Grand Total: 89 creatures vanquished

Table legend:
 A = Non-vault XP
 B = Vault XP
 C = Vault XP percentage of total XP
 D = Non-vault monster count
 E = Vault monster count
 F = Vault count percentage of total count
                 A         B        C        D         E       F
            +---------+---------+-------+---------+---------+-------
      Total |     501 |     153 |  23.4 |      83 |       6 |   6.7
            +---------+---------+-------+---------+---------+-------
        D:1 |      30 |       0 |   0.0 |      17 |       0 |   0.0
        D:2 |      89 |      36 |  28.8 |      23 |       1 |   4.2
        D:3 |      56 |      18 |  24.3 |      22 |       4 |  15.4
        D:4 |     326 |      99 |  23.3 |      21 |       1 |   4.5
            +---------+---------+-------+---------+---------+-------

Illustrated notes

Table legend:
 A = Kills in this place as a percentage of kills in entire the game.
 B = Kills by you in this place as a percentage of kills by you in the entire game.
 C = Kills by friends in this place as a percentage of kills by friends in the entire game.
 D = Other kills in this place as a percentage of other kills in the entire game.
 E = Experience gained in this place as a percentage of experience gained in the entire game.
 F = Experience gained in this place divided by the number of levels of this place that you have seen.
                   A       B       C       D       E      F
               +-------+-------+-------+-------+-------+----------------------
         Total | 100.0 | 100.0 | 100.0 |   N/A | 100.0 | 163.5
       Dungeon | 100.0 | 100.0 | 100.0 |   N/A | 100.0 | 163.5
               +-------+-------+-------+-------+-------+----------------------

Table legend: (Time is in decaauts)
 A = Elapsed time spent in this place.
 B = Non-inter-level travel time spent in this place.
 C = Inter-level travel time spent in this place.
 D = Time resting spent in this place.
 E = Time spent auto-exploring this place.
 F = Levels seen in this place.
 G = Mean time per level.
                   A        B        C        D        E       F      G
               +--------+--------+--------+--------+--------+-----+--------+
         Total |   3858 |   3730 |    128 |    287 |   2547 |   4 |  964.5 |
       Dungeon |   3858 |   3730 |    128 |    287 |   2547 |   4 |  964.5 |
               +--------+--------+--------+--------+--------+-----+--------+

Top non-repeatable levels by time:
     D:2: 1180 daAuts
     D:1: 1048 daAuts
     D:3: 1016 daAuts
     D:4: 613 daAuts
